AoeStats
← RustyShackleford

African Clearing

510441849Analyzed
2v2 RM · 2d ago on Oct 1, 2026· 36m 56s· 4 players
Game mode
Random Map
Map size
Medium (4 player)
Population
200
Speed
Normal
Resources
Standard
Victory
Conquest
Starting age
Dark Age
Ending age
Imperial Age
RankedLock teamsTeams togetherTeam positionsShared explorationLock speedFull tech treeHidden civsTurbo modeCheats
Victory
Defeat
🇸🇬 Chinese · Singapore
769
+11
🇲🇽 Spanish · Mexico
722
+13
🇺🇸 Mongols · United States
696
-14
🇺🇸 Persians · United States
600
-10
brauxico
4:09 Loom
12:00 Loom
14:48 Feudal Age
16:37 Town Watch
18:06 Man-at-Arms
30:08 Castle Age
34:05 Fletching
$
17:02 Feudal Age
30:55 Castle Age
32:34 Crossbowman
35:17 Loom
36:19 Thumb Ring
RustyShackleford
15:13 Feudal Age
13:29 Loom
15:46 Double-Bit Axe
16:10 Town Watch
17:06 Wheelbarrow
22:30 Horse Collar
29:45 Bloodlines
31:15 Fletching
klimo1313
15:27 Loom
18:38 Feudal Age
19:24 Horse Collar
30:06 Padded Archer Armor
29:57 Fletching
35:18 Scale Barding Armor
Connection lost

Rejoining the realm…

Still unreachable

The connection could not be restored.

Session expired

The server has moved on; the page needs a fresh start.